 Dungeon Crawl Stone Soup version 0.27.1-33-g824d729ab1 (webtiles) character file.

Game seed: 16343648010245050297

124 pkoi the Insei (level 4, -2/38 HPs)
             Began as a Draconian Monk on Dec 17, 2021.
             Slain by an ogre (13 damage)
             ... on level 2 of the Dungeon.
             The game lasted 00:02:07 (2886 turns).

pkoi the Insei (Draconian Monk)                     Turns: 2886, Time: 00:02:08

Health: -2/38      AC:  5    Str: 13    XL:     4   Next: 81%
Magic:  4/4        EV: 12    Int: 12    God:
Gold:   96         SH:  0    Dex: 13    Spells: 3/3 levels left

rFire    . . .     SeeInvis .     - Unarmed
rCold    . . .     Faith    .   (no shield)
rNeg     . . .     Spirit   .   (armour unavailable)
rPois    .         Reflect  .   (helmet restricted)
rElec    .         Harm     .   (no cloak)
rCorr    .         Rampage  .   (no gloves)
Will     .....                  (no boots)
Stlth    ++........             (no amulet)
HPRegen  0.12/turn              (no ring)
MPRegen  0.09/turn              (no ring)

@: no status effects
A: AC +5, unfitting armour, cold-blooded
a: no special abilities


You were on level 2 of the Dungeon.
You visited 1 branch of the dungeon, and saw 2 of its levels.

You collected 96 gold pieces.

Inventory:

Jewellery
 f - an amulet of faith
Scrolls
 c - 3 scrolls of identify
 d - a scroll of teleportation


   Skills:
 - Level 3.2 Fighting
 - Level 2.6 Dodging
 - Level 1.7 Stealth
 + Level 5.6 Unarmed Combat


You had 3 spell levels left.
You didn't know any spells.
Your spell library was empty.

Dungeon Overview and Level Annotations

Branches:
Dungeon (2/15)

Altars:


Innate Abilities, Weirdness & Mutations

Your plain brown scales are hard. (AC +5)
You cannot fit into any form of body armour.
You are cold-blooded and may be slowed by cold attacks.


Message History

Natasha is almost dead.
Natasha claws you.
You hit Natasha.
You kill Natasha!
You feel Natasha's spirit has finally been put to rest.
You see here the felid corpse of Natasha.
You start resting.
HP restored.
You start waiting.
You see here the felid corpse of Natasha.
Found a short sword.
Found a stone staircase leading up.
An ogre comes into view. It is wielding a +0 giant spiked club.
An ogre is nearby!
An ogre is nearby!
The ogre shouts!
Sorry, you're not good enough to have a special ability.
You aren't carrying any potions.
As you read the scroll labelled BENUIRPH BORASM, it crumbles to dust.
You speak a Word of immense power!
It was a scroll of holy word.
The ogre misses you.
You punch the ogre!
The ogre is moderately wounded.
You hit the ogre.
The ogre is moderately wounded.
The ogre hits you with a +0 giant spiked club!
You barely miss the ogre.
The ogre is moderately wounded.
The ogre hits you with a +0 giant spiked club!
* * * LOW HITPOINT WARNING * * *
You barely miss the ogre.
The ogre is moderately wounded.
You barely miss the ogre.
You tail-slap the ogre, but do no damage.
The ogre is moderately wounded.
The ogre barely misses you.
You punch the ogre!
The ogre is severely wounded.
The ogre hits you with a +0 giant spiked club!
You die...

### ###
#.#############.#
#<..............#
#.#.###########.#
##@#.# #.# #.O#.#
#.# ##.#.# #.#
#.#.# #####.#
#.#.# #.....#
#.#.# #.#####
..#.# #.# ##.#
#######.# #.#
#.......# ####


You could see an ogre.

Vanquished Creatures
  Natasha (thrice) (D:2)
  2 dart slugs (D:2)
  5 ball pythons
  3 bats (D:2)
  6 endoplasms
  5 giant cockroaches
  6 goblins
  2 hobgoblins (D:1)
  2 quokkas (D:1)
  5 kobolds
  4 rats (D:1)
43 creatures vanquished.

Notes
Turn   | Place    | Note
-------+----------+-------------------------------------------
     0 | D:1      | pkoi the Draconian Monk began the quest for the Orb.
     0 | D:1      | Reached XP level 1. HP: 19/19 MP: 1/1
   319 | D:1      | Reached XP level 2. HP: 26/26 MP: 2/2
   522 | D:1      | Reached skill level 4 in Unarmed Combat
  1197 | D:2      | Reached XP level 3. HP: 29/29 MP: 3/3
  1957 | D:2      | Noticed Natasha
  1958 | D:2      | Found a faded altar of an unknown god.
  1963 | D:2      | Killed Natasha
  1964 | D:2      | Reached skill level 5 in Unarmed Combat
  1964 | D:2      | Reached XP level 4. HP: 33/38 MP: 4/4
  2183 | D:2      | Noticed Natasha
  2201 | D:2      | HP: 2/57 [Natasha (1)]
  2202 | D:2      | Killed Natasha
  2626 | D:2      | Noticed Natasha
  2641 | D:2      | Killed Natasha
  2871 | D:2      | Noticed an ogre
  2886 | D:2      | Slain by an ogre

Illustrated notes

Levels and vault maps discovered:
D:1:      minmay_arrival_jagged, layout_rooms, palyth_stone_intersect,
          solitary_fountain
D:2:      layout_basic, shapermc_ecumenical_altar_pompeii,
          hangedman_glass_teeth, uniq_natasha

Skill      XL: |  1  2  3 |
---------------+----------+-----
Unarmed Combat | 4 5 |  5.6
Fighting       | |  3.2
Dodging        | |  2.6
Stealth        | |  1.7

Action                   |  1- 3 |  4- 6 || total
-------------------------+-------+-------++-------
Melee: Unarmed           |   106 |    25 ||   131
       Punch             |     5 |     2 ||     7
       Tailslap          |    12 |     3 ||    15
  Use: Scroll            |       |     2 ||     2
       Potion            |       |     2 ||     2
 Stab: Sleeping          |     3 |       ||     3
Armor: Skin              |    31 |     3 ||    34
Dodge: Dodged            |    73 |    18 ||    91
